 Dungeon Crawl Stone Soup version 0.21-a0-442-g848f44b (console) character file.

121 zero the Chopper (level 5, -4/32 HPs)
             Began as a Gargoyle Berserker on Nov 14, 2017.
             Was a Believer of Trog.
             Slain by a gnoll
             ... wielding a +0 halberd
              (7 damage)
             ... on level 3 of the Dungeon.
             The game lasted 00:02:12 (2115 turns).

zero the Chopper (Gargoyle Berserker)               Turns: 2115, Time: 00:02:13

Health: -4/32      AC: 12    Str: 21    XL:     5   Next: 5%
Magic:  5/5        EV: 10    Int:  8    God:    Trog [**....]
Gold:   155        SH:  0    Dex:  9    Spells: 4/4 levels left

rFire    . . .     SeeInvis .   Y - +0 hand axe
rCold    . . .     Gourm    .   (no shield)
rNeg     + . .     Faith    .   j - +0 scale mail
rPois    ∞         Spirit   .   (no helmet)
rElec    +         Reflect  .   (no cloak)
rCorr    .         Harm     .   m - +0 pair of gloves
MR       .....                  b - +0 pair of boots
Stlth    ..........             (no amulet)
HPRegen  0.10/turn              (no ring)
MPRegen  0.09/turn              (no ring)

@: berserk cooldown, slowed, very slow
A: negative energy resistance 1, electricity resistance, unbreathing,
petrification resistance, rot immunity, AC +4
a: Berserk, Trog's Hand, Burn Spellbooks, Renounce Religion


You were on level 3 of the Dungeon.
You worshipped Trog.
Trog was pleased with you.
You were hungry.

You visited 1 branch of the dungeon, and saw 3 of its levels.

You collected 155 gold pieces.


Innate Abilities, Weirdness & Mutations

You are resistant to torment.
Your stone body is resilient. (AC +4)
You are immune to poison.
You resist negative energy. (rN+)
You are resistant to electric shocks. (rElec)
You can survive without breathing.
You are immune to petrification.
You are immune to rotting.


   Skills:
 + Level 3.5 Fighting
 - Level 5.0 Axes
 - Level 2.1 Armour
 - Level 1.5 Dodging


You had 4 spell levels left.
You didn't know any spells.

Inventory:

Hand Weapons
 g - a +0 mace
 Y - a +0 hand axe (weapon)
Armour
 b - a +0 pair of boots (worn)
 j - a +0 scale mail (worn)
 m - a +0 pair of gloves (worn)
Jewellery
 a - a cursed ring of loudness {unknown}
 e - an uncursed ring of wizardry {unknown}
 l - an uncursed ring of positive energy {unknown}
Scrolls
 o - 2 scrolls of recharging
 p - a scroll of enchant armour {unknown}
Potions
 d - a potion of resistance {unknown}
 h - a potion of degeneration {unknown}
 n - a potion of heal wounds {unknown}
Comestibles
 c - 2 bread rations
 f - 2 chunks of flesh
 i - 2 fruits
 k - a meat ration

Dungeon Overview and Level Annotations

Branches:
Dungeon (3/15)

Altars:
Elyvilon
Makhleb
Okawaru
Wu Jian
Xom


Message History

You closely miss the bat.
The bat is severely wounded.
You hit the plant. You closely miss the gnoll. The bat misses you.
The jackal completely misses you. The gnoll hits you but does no damage.
The gnoll barely misses you. The gnoll hits you but does no damage.
The jackal barely misses you.
You slash the gnoll!
The gnoll is heavily wounded.
You hit the jackal. You hit the plant.
The jackal bites you but does no damage.
The gnoll hits you from afar with a halberd.
The gnoll completely misses you.
The jackal bites you but does no damage.
You barely miss the jackal.
The jackal is severely wounded.
You hit the plant but do no damage. You completely miss the gnoll.
The jackal bites you but does no damage.
The gnoll closely misses you. x2; The jackal barely misses you.
The gnoll hits you with a spear of freezing.
The gnoll freezes you.
The gnoll hits you from afar with a halberd!
You die...

....................#.##....##
..####..#####.......#.##......
. #..# #######...##...### #..#
#..#...##...# #..###+
#..#.#......#
.......#####'#.####..##
......8.........# #..#
#+###...........## #..#
##+#).####...# #..####
#..)..#P..# #..##..
#P@#..#...###..##..
#gh####P......(##..
..hgh.....#.##......
.....b.....##.##......
##..........%..........
#.#########.#.#....... ..
#.#.#....... ##
##.#####.#.#....##.
...........#....# .
##.#####...#....# .
..........#....#


You could see 2 gnolls, 3 jackals and a bat.

Vanquished Creatures
  An orc priest (D:2)
  A gnoll (D:3)
  An adder (D:3)
  An ooze (D:1)
  4 dart slugs
  2 leopard geckos
  7 orcs
  A ball python (D:1)
  4 bats
  A giant cockroach (D:1)
  4 goblins
  9 hobgoblins
  3 frilled lizards (D:1)
  6 kobolds
  5 rats
50 creatures vanquished.

Notes
Turn   | Place    | Note
-------+----------+-------------------------------------------
     0 | D:1      | zero the Gargoyle Berserker began the quest for the Orb.
     0 | D:1      | Reached XP level 1. HP: 14/14 MP: 1/1
     0 | D:1      | 0 ||| counter = 10
   126 | D:1      | Reached skill level 3 in Axes
   169 | D:1      | 169 ||| DROPPING club.
   214 | D:1      | Reached XP level 2. HP: 19/19 MP: 2/2
   536 | D:1      | Reached XP level 3. HP: 21/23 MP: 3/3
   843 | D:1      | Reached ** piety under Trog
   903 | D:1      | 903 ||| UPGRADING to ring mail.
   913 | D:1      | 913 ||| DROPPING +0 animal skin.
   914 | D:1      | 914 ||| UPGRADING to pair of gloves.
   919 | D:1      | 919 ||| READING 4 scrolls labeled ENILELACOM.
   920 | D:1      | 920 ||| READING scroll labeled NOTOMO BYLALYA.
   921 | D:1      | 921 ||| READING scroll labeled GYK ARYRPHESHA.
   922 | D:1      | 922 ||| READING 3 scrolls labeled HOZA GYISAN.
   923 | D:1      | 923 ||| DRINKING 2 bubbling emerald potions.
   924 | D:1      | 924 ||| DROPPING 3 scrolls of magic mapping.
   925 | D:1      | 925 ||| DROPPING potion of flight.
   968 | D:2      | Reached skill level 4 in Axes
  1349 | D:2      | 1349 ||| INVOKING Berserk.
  1351 | D:2      | Reached XP level 4. HP: 28/28 MP: 4/4
  1462 | D:2      | 1462 ||| STAIRDANCE
  1542 | D:1      | 1542 ||| UPGRADING to pair of boots.
  1641 | D:2      | Found an ornate altar of the Wu Jian Council.
  1643 | D:2      | Found a sacrificial altar of Ru.
  1643 | D:2      | Found a shimmering altar of Xom.
  1652 | D:2      | Found a white marble altar of Elyvilon.
  1652 | D:2      | Found an iron altar of Okawaru.
  1652 | D:2      | Found a burning altar of Makhleb.
  1807 | D:2      | 1807 ||| UPGRADING to scale mail.
  1817 | D:2      | 1817 ||| DROPPING +0 ring mail.
  2096 | D:3      | 2096 ||| INVOKING Berserk.
  2100 | D:3      | Reached skill level 5 in Axes
  2107 | D:3      | Reached XP level 5. HP: 32/32 MP: 5/5
  2111 | D:3      | HP: 8/32 [gnoll/spear of freezing (1)]
  2115 | D:3      | HP: 3/32 [gnoll/spear of freezing (1)]
  2115 | D:3      | Slain by a gnoll

Vault maps used:
D:1:      dpeg_arrival_brainrot, supply_closet_lemuel
D:2:      doesnt_xom_only_xom
D:3:      corexii_shack_village, first_bread, nicolae_ashenzari_panopticon

Skill      XL: |  1  2  3  4 |
---------------+-------------+-----
Axes           | 3 4 5 |  5.0
Fighting       | |  3.5
Armour         | |  2.1
Dodging        | |  1.5

Action                   |  1- 3 |  4- 6 || total
-------------------------+-------+-------++-------
Melee: Hand axe          |    80 |    72 ||   152
Invok: Berserk           |     1 |     1 ||     2
  Use: Scroll            |     4 |       ||     4
       Potion            |     1 |       ||     1
  Eat: Chunk             |     1 |     4 ||     5
Armor: Animal skin       |    24 |       ||    24
       Ring mail         |     6 |     6 ||    12
       Scale mail        |       |    38 ||    38
Dodge: Dodged            |    40 |    44 ||    84

Table legend:
 A = Spawn XP
 B = Non-spawn XP
 C = Spawn XP percentage of total XP
 D = Spawn monster count
 E = Non-spawn monster count
 F = Spawn count percentage of total count
 G = Total turns spent on level
                    A         B        C        D         E        F      G
               +---------+---------+-------+---------+---------+-------+---------
         Total |       0 |     173 |   0.0 |       0 |      50 |   0.0 |  2115
               +---------+---------+-------+---------+---------+-------+---------
           D:1 |       0 |      48 |   0.0 |       0 |      24 |   0.0 |  1018
           D:2 |       0 |      76 |   0.0 |       0 |      15 |   0.0 |   839
           D:3 |       0 |      49 |   0.0 |       0 |      11 |   0.0 |   258
               +---------+---------+-------+---------+---------+-------+---------
